Map: Prion Terraces

Players

LilDicky

  • Race: Terran Terran
  • League: Diamond

MadeYouLooK - Winner!

  • Race: Terran Terran
  • League: Gold

VOD

http://www.twitch.tv/tumescentpie

Description

Time

  • Played on: Nov. 24, 2015, 7:39 p.m.
  • Length: 19:55
Show
View Real Time Build Order
Export as new Build Order

LilDicky Terran 

Build Orders: Banshee Rush 

Get SALT Encoding   

  12  0:01  SCV  
  13  0:13  SCV  
  14  0:17  Supply Depot  
  14  0:25  SCV  
  15  0:39  SCV  
  15  0:42  Barracks  
  16  0:47  Refinery  
  16  0:54  SCV  
  17  1:06  SCV  
  17  1:08  Refinery  
  18  1:29  Orbital Command  
  18  1:30  Marine  
  18  1:31  Supply Depot  
  19  1:48  Marine  
  19  1:53  Factory  
  20  1:57  SCV  
  21  2:05  Marine  
  22  2:10  SCV  
  23  2:21  Supply Depot  
  23  2:23  Marine  
  23  2:29  SCV  
  25  2:38  Factory Tech Lab, Starport  
  25  2:41  SCV, Marine  
  27  2:44  Supply Depot  
  27  2:47  Engineering Bay  
  27  2:54  SCV  
  31  3:05  Marine  
  31  3:06  SCV  
  30  3:28  Supply Depot, Missile Turret  
  30  3:29  Banshee, Cloaking Field  
  30  3:32  Widow Mine  
  35  3:34  Marine  
  36  3:46  SCV  
  37  3:51  Supply Depot  
  37  3:52  Marine  
  38  4:02  Factory Tech Lab  
  38  4:08  SCV  
  39  4:10  Marine  
  39  4:13  Banshee  
  42  4:23  Siege Tank  
  45  4:25  SCV  
  45  4:27  Marine  
  45  4:29  Supply Depot  
  47  4:45  Marine  
  47  4:51  Command Center  
  48  5:20  SCV  
  49  5:30  Banshee  
  49  5:31  Siege Tank  
  49  5:32  SCV  
  53  5:39  Command Center  
  53  5:48  Starport  
  53  5:52  Supply Depot  
  53  6:03  Siege Tank  
  56  6:25  Banshee  
  56  6:35  Siege Tank  
  56  6:37  Command Center  
  59  6:40  Viking  
  61  7:05  Orbital Command  
  61  7:07  Siege Tank  
  64  7:14  Orbital Command  
  64  7:17  Viking  
  66  7:23  Refinery  
  66  7:27  Refinery  
  66  7:29  Refinery  
  61  8:06  SCV  
  62  8:15  Orbital Command  
  62  8:16  Starport Reactor  
  62  8:20  SCV  
  62  8:21  Starport, Orbital Command  
  62  8:26  SCV  
  64  8:32  SCV  
  64  8:34  Command Center  
  65  8:39  SCV  
  66  8:46  Banshee  
  66  8:48  Sensor Tower  
  69  8:52  SCV  
  69  8:53  SCV  
  71  9:00  Viking x2  
  71  9:01  SCV  
  71  9:02  SCV  
  77  9:05  Cyclone  
  77  9:08  SCV  
  77  9:09  Sensor Tower  
  81  9:18  Starport Reactor  
  81  9:25  SCV x2, Refinery  
  83  9:51  Missile Turret  
  83  9:53  Missile Turret  
  83  9:57  Planetary Fortress  
  83  9:58  Missile Turret  
  83  9:59  Refinery  
  83  10:01  SCV x3  
  68  10:21  Missile Turret  
  46  10:48  SCV  
  47  10:51  Banshee  
  47  10:52  Viking x2  
  47  10:53  SCV x2  
  47  10:54  Siege Tank  
  56  10:58  Barracks  
  56  10:59  Marine  
  56  11:00  Barracks x2  
  56  11:02  Barracks  
  57  11:05  Barracks  
  57  11:06  SCV x3  
  60  11:13  SCV  
  60  11:14  Viking  
  60  11:17  Marine  
  64  11:18  Missile Turret  
  64  11:30  Viking x2  
  64  11:31  Viking  
  64  11:32  SCV  
  71  11:34  Banshee, Marine  
  71  11:39  Factory x2  
  75  11:40  Factory  
  75  11:42  SCV x3  
  75  11:44  Viking  
  80  11:54  Refinery, Missile Turret  
  80  11:57  Missile Turret x2  
  80  12:00  Siege Tank  
  83  12:03  Marine  
  83  12:06  Marine  
  83  12:07  Sensor Tower, Marine x3  
  89  12:09  Barracks Tech Lab  
  89  12:14  SCV x3  
  91  12:15  Viking  
  91  12:16  Viking  
  91  12:21  Marine  
  99  12:23  Factory Reactor  
  99  12:24  Factory Tech Lab, Factory Reactor, Marine  
  99  12:26  Marine x3  
  99  12:27  Marine  
  104  12:35  Orbital Command  
  101  12:39  Marine  
  101  12:42  Marine  
  101  12:44  Marine x2  
  103  12:50  Siege Tank  
  103  12:51  Siege Tank  
  111  12:52  Banshee  
  111  12:53  Viking  
  111  12:54  Viking x2  
  111  12:55  Viking  
  111  12:56  Refinery  
  122  12:59  Armory  
  122  13:03  Armory  
  122  13:06  Refinery  
  122  13:11  SCV x2  
  122  13:12  Missile Turret  
  124  13:23  Viking  
  119  13:32  Cyclone  
  119  13:33  Cyclone  
  125  13:37  Hellion x4  
  125  13:38  Marine x3  
  125  13:39  Marine x3  
  134  14:03  Hellion x2  
  138  14:20  Cyclone  
  138  14:21  Hellion  
  138  14:22  Hellion, Siege Tank  
  138  14:23  Liberator  
  137  14:24  Hellion, Liberator  
  139  14:39  Hellion  
  139  14:41  SCV x2, Banshee  
  139  14:43  Hellion x2  
  139  14:45  Marine x2  
  126  14:46  Hellion  
  126  14:50  SCV  
  122  14:53  Hellion  
  122  14:54  Terran Vehicle And Ship Armor Level 1, Supply Depot, Terran Ship Weapons Level 1  
  122  14:55  Supply Depot, Hellion  
  122  14:57  Supply Depot, Marine  
  122  14:58  Marine x3  
  117  15:01  Hellion  
  117  15:02  Marine  
  80  15:26  SCV  
  59  15:55  Hellion x2, Siege Tank x2  
  59  15:56  Hellion, Marine x2  
  59  15:57  Marine x4  
  70  16:02  SCV  
  70  16:03  SCV  
  73  16:04  Banshee  
  73  16:14  Marine x6  
  73  16:15  Viking  
  73  16:16  Viking x3  
  77  16:32  Marine x6  
  78  16:45  Viking  
  78  16:46  Viking x3  
  86  16:47  Viking  
  86  16:49  Marine  
  86  16:50  Marine x5  
  86  16:52  Siege Tank  
  86  16:53  Hellion x2, Siege Tank  
  104  16:56  Command Center  
  104  17:07  Marine  
  104  17:08  Marine x2  
  105  17:15  Viking  
  105  17:16  Viking  
  105  17:17  Banshee  
  105  17:21  Barracks Tech Lab  
  105  17:22  Barracks Tech Lab  
  110  17:23  Stimpack  
  110  17:25  Siege Tank x2  
  110  17:28  SCV x2  
  118  17:30  SCV x2  
  120  17:39  Marine x2  
  120  17:40  Marauder x2  
  120  17:42  Hellion  
  120  17:43  Hellion  
  130  17:50  SCV x3  
  133  17:51  SCV x2  
  133  17:55  Marine  
  133  17:56  Marine  
  137  18:00  Banshee  
  140  18:11  Marine x2  
  140  18:12  Marauder x2  
  146  18:14  Refinery  
  143  18:29  Hellion x2, Siege Tank  
  143  18:30  Hellion x2, Siege Tank  
  157  18:36  SCV x4  
  157  18:39  Planetary Fortress  
  161  18:42  Marine x6  
  167  18:51  Hellion  
  169  18:59  Marine x2  
  169  19:00  Marine  
  118  19:25  Hellion  
  118  19:26  Hellion  
  104  19:32  Marine x3  
  104  19:36  SCV  
Show
View Real Time Build Order
Export as new Build Order

MadeYouLooK Terran - Winner!

Build Orders:  

Get SALT Encoding   

  12  0:02  SCV  
  13  0:14  SCV  
  13  0:18  Supply Depot  
  14  0:26  SCV  
  15  0:40  SCV  
  16  0:45  Barracks  
  16  0:52  SCV, Refinery  
  17  1:04  SCV  
  18  1:16  SCV  
  19  1:28  SCV  
  20  1:40  Reaper  
  20  1:41  Orbital Command  
  20  1:45  Command Center  
  21  1:49  Supply Depot  
  21  1:57  Refinery  
  21  2:06  SCV  
  22  2:18  Factory  
  22  2:22  SCV  
  23  2:34  SCV  
  24  2:37  Barracks Reactor  
  24  2:46  SCV  
  25  2:57  Orbital Command  
  25  3:02  SCV  
  26  3:06  Bunker  
  26  3:11  Starport  
  26  3:13  Hellion  
  26  3:14  SCV  
  26  3:15  Marine x2  
  30  3:26  Orbital Command  
  30  3:28  SCV  
  30  3:33  Marine x2  
  33  3:35  Hellion  
  33  3:40  SCV  
  36  3:46  Refinery  
  36  3:47  Refinery  
  36  3:52  SCV  
  36  3:55  Supply Depot  
  37  3:58  Factory Tech Lab  
  37  3:59  Marine x2, Starport Tech Lab  
  39  4:03  SCV  
  39  4:04  SCV  
  39  4:07  Supply Depot  
  41  4:10  Engineering Bay  
  41  4:15  SCV  
  41  4:16  SCV  
  43  4:19  Marine  
  43  4:23  Bunker x2  
  44  4:24  Siege Tank  
  44  4:28  SCV  
  44  4:30  SCV  
  49  4:43  Missile Turret  
  49  4:45  SCV x2, Missile Turret  
  51  4:47  Marine x2  
  51  4:51  Raven  
  55  4:58  Barracks  
  54  5:13  Marine x2  
  53  5:26  Missile Turret  
  53  5:35  SCV x2  
  52  5:42  Siege Tank  
  55  5:47  SCV x2  
  57  5:51  Terran Infantry Weapons Level 1  
  57  5:53  Barracks x2  
  57  6:01  SCV x2  
  54  6:33  SCV x2  
  54  6:38  Medivac x2  
  60  6:40  Missile Turret  
  60  6:41  Stimpack, Marauder  
  62  6:52  Supply Depot x2  
  62  6:54  Supply Depot  
  62  6:55  Supply Depot  
  62  6:58  Siege Tank  
  61  7:03  SCV  
  61  7:04  SCV  
  62  7:15  SCV  
  62  7:21  SCV  
  64  7:28  SCV  
  63  7:33  SCV, Marine  
  63  7:34  Siege Tank  
  63  7:35  Medivac x2  
  72  7:40  SCV  
  73  7:49  Liberator  
  73  7:50  Liberator  
  70  7:52  Marine  
  70  7:54  Marine x3  
  68  8:10  Marine  
  77  8:15  SCV x2  
  78  8:25  Barracks Reactor  
  78  8:26  Barracks Tech Lab  
  78  8:27  Barracks Reactor, SCV  
  77  8:28  SCV, Marauder  
  81  8:38  Command Center  
  81  8:41  Command Center  
  81  8:42  Missile Turret  
  81  8:43  Missile Turret, Liberator  
  81  8:50  Liberator  
  81  8:55  SCV x2  
  86  9:08  Siege Tank  
  86  9:09  Supply Depot x2  
  92  9:11  Supply Depot x2, Marine x2  
  92  9:12  Supply Depot  
  94  9:18  Terran Infantry Armor Level 1  
  94  9:30  Marauder, Marine x2  
  94  9:31  Marine  
  98  9:32  Marauder, Missile Turret, Marine  
  98  9:34  Missile Turret  
  94  9:40  Hellion  
  94  9:41  SCV x2  
  96  9:48  Marine  
  96  9:50  Orbital Command  
  96  9:52  Orbital Command  
  97  9:53  Marine x3  
  100  10:01  Hellion  
  99  10:23  Hellion  
  88  10:40  Liberator  
  88  10:41  Liberator  
  79  10:44  Hellion  
  79  10:48  SCV x2  
  81  10:55  SCV, Marine  
  81  10:56  Marine x4  
  89  10:57  Marauder  
  89  11:00  SCV  
  96  11:05  Orbital Command  
  96  11:07  SCV x2  
  98  11:14  Siege Tank, Marauder  
  98  11:18  Marine x3  
  103  11:19  Marine x2  
  103  11:24  Armory  
  103  11:25  SCV x3  
  110  11:27  Liberator  
  111  11:32  Liberator  
  111  11:34  SCV  
  111  11:37  SCV x2  
  114  11:42  Marine x4  
  114  11:43  Marauder x2  
  128  11:59  Cyclone  
  131  12:07  Orbital Command  
  131  12:19  Refinery, Liberator x2  
  131  12:22  Refinery  
  131  12:23  Marine x4  
  131  12:24  Marauder x2  
  131  12:25  Terran Infantry Weapons Level 2  
  131  12:29  SCV x3  
  142  12:30  Engineering Bay  
  142  12:34  Thor  
  154  12:39  SCV  
  154  12:41  SCV, Marine  
  154  12:42  Marine x3  
  160  12:45  Marine  
  160  12:50  Marine  
  162  12:54  SCV x2  
  164  13:01  Refinery  
  164  13:06  Supply Depot  
  164  13:07  Supply Depot x2  
  164  13:08  Supply Depot  
  164  13:10  Liberator x2  
  164  13:17  Refinery, Marine  
  164  13:18  SCV  
  157  13:29  Marine x5  
  157  13:30  Thor  
  174  13:41  Marine  
  175  13:44  Terran Infantry Armor Level 2  
  175  13:47  Marine  
  176  13:53  Liberator x2  
  170  14:08  Marine  
  170  14:09  Marine x5  
  180  14:20  Command Center  
  180  14:22  Refinery  
  167  14:24  Refinery  
  90  15:15  Marine x3  
  90  15:16  Marine x2  
  90  15:17  Marauder  
  89  15:34  Marauder  
  79  15:54  Marine x3  
  79  15:55  Marine x3  
  77  16:00  Liberator x2  
  72  16:14  Orbital Command  
  72  16:15  Marine x3  
  72  16:16  Marauder, Marine  
  72  16:17  Marauder  
  86  16:27  Terran Infantry Weapons Level 3  
  86  16:28  Terran Infantry Armor Level 3  
  86  16:37  Barracks  
  86  16:38  Barracks  
  86  16:40  Barracks x3  
  86  16:41  Barracks  
  86  16:42  Barracks x2  
  86  16:43  Liberator x2  
  86  16:45  Marine x2  
  86  16:46  Marine  
  84  16:49  Marine x2  
  84  16:50  Marauder  
  88  16:55  Thor  
  88  16:58  Terran Vehicle Weapons Level 1  
  97  17:08  Marauder  
  95  17:13  Marine x3  
  93  17:30  Marine x3  
  93  17:31  Marine x7  
  93  17:32  Marine x3  
  104  17:38  Command Center  
  104  17:43  Medivac x2  
  108  17:50  Marine  
  108  17:51  Marine x11  
  111  17:52  Marine  
  121  18:08  Marine x2  
  121  18:09  Liberator x2, Marine x5  
  121  18:12  Marine x4  
  128  18:13  Marine x2  
  134  18:26  Marine x4  
  137  18:36  Marine x7  
  137  18:37  Marine x2  
  137  18:38  Siege Tank  
  145  18:44  Marine  
  143  18:54  Marine x4  
  144  19:10  Medivac x2  
  77  19:28  Marine x3  
  77  19:29  Marine x7  
  77  19:30  Marine x3  
Tags
 
Add a new tag
Caveats
  • Supply blocks, unpowered buildings, or Contaminate may cause inaccurate times.
  • Supply counts are checked every 10 seconds.